 Dungeon Crawl Stone Soup version 0.30-b1-2-g02819fbbbe (webtiles) character file.

Game seed: 16479974499804151124

41 Alarkh the Trooper (level 3, 29/29 HPs)
             Began as a Demonspawn Artificer on Nov 24, 2023.
             Got out of the dungeon alive.
             The game lasted 00:01:35 (1177 turns).

Alarkh the Trooper (Demonspawn Artificer)           Turns: 1177, Time: 00:01:36

Health: 29/29      AC:  3    Str: 12    XL:     3   Next: 32%
Magic:  3/3        EV: 11    Int: 14    God:
Gold:   12         SH:  0    Dex: 13    Spells: 2/2 levels left

rFire   . . .        a - +0 dagger
rCold   . . .        (no shield)
rNeg    . . .        b - +0 leather armour
rPois   .            (no helmet)
rElec   .            (no cloak)
rCorr   .            (no gloves)
SInv    .            (no boots)
Will    .....        (no amulet)
Stlth   +            (no ring)
HPRegen 0.24/turn    (no ring)
MPRegen 0.08/turn

%: no passive effects
@: no status effects
A: foul stench 1, powered by pain 1
a: no special abilities


You escaped.
You visited 1 branch of the dungeon, and saw 2 of its levels.

You collected 12 gold pieces.

Inventory:

Hand Weapons
 a - a +0 dagger (weapon)
Armour
 b - a +0 leather armour (worn)
Wands
 c - a wand of flame (5) (quivered)
 d - a wand of charming (15)
 e - a wand of iceblast (5)
Scrolls
 h - a scroll of enchant weapon {unknown}
 j - a scroll of acquirement {unknown}
 k - a scroll of fog {unknown}
 l - a scroll of identify {unknown}
Potions
 f - a potion of brilliance
 i - a potion of cancellation {unknown}


   Skills:
 + Level 3.3 Fighting
 - Level 1.7 Armour
 - Level 0.8 Dodging
 - Level 0.8 Stealth
 - Level 3.0 Evocations


You had 2 spell levels left.
You didn't know any spells.
Your spell library contained the following spells:

 Spells                   Type           Power      Damage    Failure   Level
 Apportation              Tloc           0%         N/A       36%         1
 Necrotise                Necr           0%         1d4       36%         1
 Summon Small Mammal      Summ           0%         N/A       36%         1


Dungeon Overview and Level Annotations

Branches:
Dungeon (2/15)

Altars:


Innate Abilities, Weirdness & Mutations

You may rarely emit foul miasma when damaged in melee.
You sometimes gain a little power by taking damage.


Message History

The adder is almost dead.
The adder bites you but does no damage.
Aiming: Throw Flame
Press: ? - help, Shift-Dir - straight line, f/p - adder
Aim: an adder (almost dead, 53% to hit)
The puff of flame hits the adder!
You kill the adder!
The quokka bites you.
Aiming: Throw Flame
Press: ? - help, Shift-Dir - straight line, f - quokka
Aim: a quokka (60% to hit)
The puff of flame hits the quokka.
The quokka is almost dead.
The quokka bites you.
You hit the quokka.
You kill the quokka!
You hit the rat but do no damage. The rat closely misses you.
You hit the rat but do no damage. The rat barely misses you.
You hit the rat.
You kill the rat!
You miss the frilled lizard. The frilled lizard closely misses you.
You miss the frilled lizard. The frilled lizard barely misses you.
You barely miss the frilled lizard. The frilled lizard bites you.
You hit the frilled lizard.
You kill the frilled lizard!
Items here: ) †††.
Found a faded altar of an unknown god.
Items here: ) †††.
There is a stone staircase leading down here.
There is a stone staircase leading up here.
You climb upwards.
There is a stone staircase leading down here.
There is an open door here.
You feel a little less clever now.
HP restored.
There is an open door here.
There is an open door here.
There is a staircase leading out of the dungeon here.
Are you sure you want to leave the Dungeon?
This will make you lose the game!
You have escaped!

..........# #.# #.#...'.....
'#####....# #.# #.#...#.....
)...##....######.# #.#...#.....
....##...........# #.#.........
##...############# #.#.........
#..............## #(#...###+#.
#..§.§§≈≈≈≈.....# #.#.).....#.
##...§≈§§≈≈≈≈....# #.#.#..##.#+
.....§≈§§>(≈≈...@#####.#....##...
.#....≈§§≈≈≈≈....#.....###..##...
##.....≈≈≈§≈.....#.##### #..##...
##..............##.# #..##...
##...#############.# #..##...
##..## #####.# #..##... #...#
#.....#######..##... #.#######
#.........).......#'
#.......######....##############.


There were no monsters in sight!

Vanquished Creatures
  An adder (D:2)
  A dart slug (D:1)
  4 ball pythons
  3 bats
  3 endoplasms (D:1)
  A hobgoblin (D:1)
  3 kobolds
  2 quokkas
  A frilled lizard (D:2)
  5 goblins
  4 rats
28 creatures vanquished.

Notes
Turn   | Place    | Note
-------+----------+-------------------------------------------
     0 | D:1      | Alarkh the Demonspawn Artificer began the quest for the
                  | Orb.
     0 | D:1      | Reached XP level 1. HP: 15/15 MP: 1/1
    66 | D:1      | Gained mutation: You sometimes gain a little power by
                  | taking damage. [demonic ancestry]
    66 | D:1      | Reached XP level 2. HP: 13/22 MP: 2/2
   557 | D:1      | You fall into a shaft and drop 1 floor!
  1078 | D:2      | Gained mutation: You may rarely emit foul miasma when
                  | damaged in melee. [demonic ancestry]
  1078 | D:2      | Reached XP level 3. HP: 5/29 MP: 3/3
  1091 | D:2      | Found a faded altar of an unknown god.
  1177 | D:$      | Got out of the dungeon alive.

Illustrated notes

Levels and vault maps discovered:
D:1:      lemuel_arrival_lava_pool, layout_basic, supply_closet_lemuel
D:2:      layout_basic, ebering_ecumenical_altar_webs, grunt_ministairs_5

Skill      XL: |  1  2 |
---------------+-------+-----
Fighting       | 2 3 |  3.3
Armour         | |  1.7
Dodging        | |  0.8
Stealth        | |  0.8
Evocations     | |  3.0

Action                     || total
---------------------------++-------
  Melee: Club              ||    20
         Dagger            ||    98
         Punch             ||     1
  Evoke: Wand              ||    10
    Use: Potion            ||     2
   Stab: Sleeping          ||     2
 Armour: Leather armour    ||    56
  Dodge: Dodged            ||    61
